TOP OF THE 1ST |
Atlanta Braves batting - Pitching for San Francisco Giants : RHP Ted Mosley
|
Pitching: RHP Ted Mosley
|
|
Batting: RHB Luis Torres
|
0-0: Ball 1-0: Foul Ball, location: 2F 1-1: Called Strike 1-2: Ball 2-2: Foul Ball, location: 2F 2-2: Strikes out swinging
|
Batting: RHB Jeckel Hester
|
0-0: Swinging Strike 0-1: Ball 1-1: Ball 2-1: Ground out 6-3 (Groundball, 6, EV 90.0 MPH)
|
Batting: RHB Jordan Martin
|
0-0: Called Strike 0-1: Ball 1-1: Fly out, F7 (Flyball, 7, EV 94.4 MPH)
|
Top of the 1st over - 0 runs, 0 hits, 0 errors, 0 left on base; Atlanta 0 - San Francisco 0 |
BOTTOM OF THE 1ST |
San Francisco Giants batting - Pitching for Atlanta Braves : RHP Casey Jones
|
Pitching: RHP Casey Jones
|
|
Batting: RHB Nick Rigden
|
0-0: Called Strike 0-1: Fly out, F9 (Flyball, 9, EV 90.6 MPH)
|
Batting: SHB Ryan Doss
|
0-0: Called Strike 0-1: Swinging Strike 0-2: Ball 1-2: Strikes out swinging
|
Batting: RHB Sean Zielinski
|
0-0: Foul Ball, location: 2F 0-1: Foul Ball, location: 2F 0-2: Fly out, F8 (Flyball, 8LM, EV 86.9 MPH)
|
Bottom of the 1st over - 0 runs, 0 hits, 0 errors, 0 left on base; Atlanta 0 - San Francisco 0 |
TOP OF THE 2ND |
Atlanta Braves batting - Pitching for San Francisco Giants : RHP Ted Mosley
|
Batting: RHB Ike Trout
|
0-0: Foul Ball, location: 2F 0-1: Foul Ball, location: 2F 0-2: Strikes out swinging
|
Batting: LHB Colin Worthington
|
0-0: Ball 1-0: Foul Ball, location: 2F 1-1: Called Strike 1-2: Ball 2-2: Ball 3-2: Foul Ball, location: 2F 3-2: Foul Ball, location: 2F 3-2: Foul Ball, location: 2F 3-2: Base on Balls
|
Batting: RHB Marc Peckermark
|
0-0: Grounds into double play, 4-6-3 (Groundball, 34, EV 87.5 MPH)
|
Top of the 2nd over - 0 runs, 0 hits, 0 errors, 0 left on base; Atlanta 0 - San Francisco 0 |
BOTTOM OF THE 2ND |
San Francisco Giants batting - Pitching for Atlanta Braves : RHP Casey Jones
|
Batting: LHB Carey Horncole
|
0-0: Ball 1-0: Ball 2-0: Called Strike 2-1: Foul Ball, location: 2F 2-2: Ball 3-2: Base on Balls
|
Batting: LHB Tom Best
|
0-0: Foul Ball, location: 2F 0-1: Ball 1-1: Ball 2-1: Ball 3-1: Base on Balls Carey Horncole to second
|
Batting: RHB Nate Hodson
|
0-0: Foul Ball, location: 2F 0-1: Fly out, F8 (Flyball, 8RD, EV 100.0 MPH)
|
Batting: LHB John Blair
|
0-0: Ball 1-0: SINGLE (Groundball, 6MS, EV 65.0 MPH) (infield hit) Carey Horncole to third Tom Best to second
|
Batting: RHB Henri Cederberg
|
0-0: Called Strike 0-1: Fly out, F8 (Line Drive, 8RM, EV 95.0 MPH)
|
Batting: SHB Bill Dooms
|
0-0: Ball 1-0: Foul Ball, location: 5F, Error on foul ball, E5 1-1: Swinging Strike 1-2: Strikes out swinging
|
Bottom of the 2nd over - 0 runs, 1 hit, 1 error, 3 left on base; Atlanta 0 - San Francisco 0 |
TOP OF THE 3RD |
Atlanta Braves batting - Pitching for San Francisco Giants : RHP Ted Mosley
|
Batting: LHB Per Meulengracht
|
0-0: Ball 1-0: Ball 2-0: Ball 3-0: Base on Balls
|
Batting: RHB Xavier Davis
|
0-0: Called Strike 0-1: Called Strike 0-2: Ball 1-2: Strikes out swinging
|
Batting: LHB Matt Sigurdson
|
0-0: Ball 1-0: Foul Ball, location: 2F 1-1: Ball 2-1: Ground out 4-3 (Groundball, 34, EV 101.9 MPH) Per Meulengracht to second
|
Batting: RHB Luis Torres
|
0-0: Foul Ball, location: 2F 0-1: Called Strike 0-2: Ball 1-2: Foul Ball, location: 2F 1-2: Ball Wild Pitch! Per Meulengracht to third 2-2: Ball 3-2: Fly out, F8 (Flyball, 8RD, EV 96.2 MPH)
|
Top of the 3rd over - 0 runs, 0 hits, 0 errors, 1 left on base; Atlanta 0 - San Francisco 0 |
BOTTOM OF THE 3RD |
San Francisco Giants batting - Pitching for Atlanta Braves : RHP Casey Jones
|
Batting: RHB Nick Rigden
|
0-0: Ball 1-0: Ball 2-0: Called Strike 2-1: Foul Ball, location: 2F 2-2: Foul Ball, location: 2F 2-2: Foul Ball, location: 2F 2-2: SINGLE (Groundball, 5D, EV 98.1 MPH)
|
Batting: SHB Ryan Doss
|
0-0: Ball 1-0: Called Strike 1-1: Ball 2-1: Swinging Strike 2-2: Ball 3-2: Strikes out swinging Nick Rigden is caught stealing 2nd base 2-6 Batter strikes out.
|
Batting: RHB Sean Zielinski
|
0-0: Ball 1-0: Fly out, F8 (Line Drive, 8RM, EV 90.0 MPH)
|
Bottom of the 3rd over - 0 runs, 1 hit, 0 errors, 0 left on base; Atlanta 0 - San Francisco 0 |
TOP OF THE 4TH |
Atlanta Braves batting - Pitching for San Francisco Giants : RHP Ted Mosley
|
Batting: RHB Jeckel Hester
|
0-0: Ball 1-0: Called Strike 1-1: DOUBLE (Line Drive, 9LM, EV 105.6 MPH)
|
Batting: RHB Jordan Martin
|
0-0: Fly out, F8 (Flyball, 8LM, EV 93.8 MPH)
|
Batting: RHB Ike Trout
|
0-0: Ball Jeckel Hester steals 3rd, throwing error, E2 Jeckel Hester scores 1-0: Fly out, F8 (Flyball, 8RM, EV 91.9 MPH)
|
Batting: LHB Colin Worthington
|
0-0: Called Strike 0-1: Swinging Strike 0-2: Ball 1-2: Strikes out swinging
|
Top of the 4th over - 1 run, 1 hit, 1 error, 0 left on base; Atlanta 1 - San Francisco 0 |
BOTTOM OF THE 4TH |
San Francisco Giants batting - Pitching for Atlanta Braves : RHP Casey Jones
|
Batting: LHB Carey Horncole
|
0-0: Ball 1-0: Ball 2-0: Ball 3-0: Base on Balls
|
Batting: LHB Tom Best
|
0-0: Ball 1-0: Foul Ball, location: 2F 1-1: Called Strike Balk! Carey Horncole to second 1-2: Ground out 3-1 (Groundball, 34S, EV 73.1 MPH) Carey Horncole to third
|
Batting: RHB Nate Hodson
|
0-0: Ball 1-0: Ball 2-0: Fly out, F4 (Popup, 4, EV 76.9 MPH)
|
Batting: LHB John Blair
|
0-0: Ball 1-0: Called Strike 1-1: Ground out 4-3 (Groundball, 4, EV 87.5 MPH)
|
Bottom of the 4th over - 0 runs, 0 hits, 0 errors, 1 left on base; Atlanta 1 - San Francisco 0 |
TOP OF THE 5TH |
Atlanta Braves batting - Pitching for San Francisco Giants : RHP Ted Mosley
|
Batting: RHB Marc Peckermark
|
0-0: Ball 1-0: Swinging Strike 1-1: Ball 2-1: Ball 3-1: Swinging Strike 3-2: Foul Ball, location: 2F 3-2: Base on Balls
|
Batting: LHB Per Meulengracht
|
0-0: Ball 1-0: Ball 2-0: Sac Bunt to 5S - play at first, batter OUT! 5-3 Marc Peckermark to second
|
Batting: RHB Xavier Davis
|
0-0: Called Strike 0-1: Ground out 4-3 (Groundball, 4S, EV 70.6 MPH) Marc Peckermark to third
|
Batting: LHB Matt Sigurdson
|
0-0: Called Strike 0-1: Swinging Strike 0-2: Ball 1-2: Foul Ball, location: 2F 1-2: Foul Ball, location: 2F 1-2: Strikes out swinging
|
Top of the 5th over - 0 runs, 0 hits, 0 errors, 1 left on base; Atlanta 1 - San Francisco 0 |
BOTTOM OF THE 5TH |
San Francisco Giants batting - Pitching for Atlanta Braves : RHP Casey Jones
|
Batting: RHB Henri Cederberg
|
0-0: Ball 1-0: Ball 2-0: Ground out 5-3 (Groundball, 5L, EV 85.0 MPH)
|
Batting: SHB Bill Dooms
|
0-0: Ball 1-0: Foul Ball, location: 2F 1-1: Foul Ball, location: 2F 1-2: Ball 2-2: Foul Ball, location: 2F 2-2: Strikes out swinging
|
Batting: RHB Nick Rigden
|
0-0: Fly out, F7 (Line Drive, 7, EV 86.9 MPH)
|
Bottom of the 5th over - 0 runs, 0 hits, 0 errors, 0 left on base; Atlanta 1 - San Francisco 0 |
TOP OF THE 6TH |
Atlanta Braves batting - Pitching for San Francisco Giants : RHP Ted Mosley
|
Batting: RHB Luis Torres
|
0-0: Called Strike 0-1: Ball 1-1: Ball 2-1: Called Strike 2-2: Strikes out looking
|
Batting: RHB Jeckel Hester
|
0-0: Foul Ball, location: 2F 0-1: Swinging Strike 0-2: Fly out, F7 (Flyball, 78M, EV 93.8 MPH)
|
Batting: RHB Jordan Martin
|
0-0: Called Strike 0-1: Ball 1-1: Called Strike 1-2: Strikes out swinging
|
Top of the 6th over - 0 runs, 0 hits, 0 errors, 0 left on base; Atlanta 1 - San Francisco 0 |
BOTTOM OF THE 6TH |
San Francisco Giants batting - Pitching for Atlanta Braves : RHP Casey Jones
|
Batting: SHB Ryan Doss
|
0-0: Called Strike 0-1: Ball 1-1: Swinging Strike 1-2: Ground out 4-3 (Groundball, 4M, EV 104.4 MPH)
|
Batting: RHB Sean Zielinski
|
0-0: Ball 1-0: Ball 2-0: Ball 3-0: Called Strike 3-1: Foul Ball, location: 2F 3-2: Strikes out swinging
|
Batting: LHB Carey Horncole
|
0-0: Called Strike 0-1: Ball 1-1: Foul Ball, location: 2F 1-2: SINGLE (Groundball, 4M, EV 107.5 MPH) (infield hit)
|
Batting: LHB Tom Best
|
0-0: Foul Ball, location: 2F 0-1: Called Strike 0-2: Ball Carey Horncole is caught stealing 2nd base 2-6
|
Bottom of the 6th over - 0 runs, 1 hit, 0 errors, 0 left on base; Atlanta 1 - San Francisco 0 |
TOP OF THE 7TH |
Atlanta Braves batting - Pitching for San Francisco Giants : RHP Ted Mosley
|
Batting: RHB Ike Trout
|
0-0: Ball 1-0: Ball 2-0: Called Strike 2-1: Reached on error, E6 (Groundball, 6, EV 99.4 MPH)
|
Batting: LHB Colin Worthington
|
0-0: Ball 1-0: Foul Ball, location: 2F 1-1: Called Strike 1-2: Ball 2-2: Ground out 6-3 (Groundball, 6M, EV 88.1 MPH) Ike Trout to third
|
Batting: RHB Marc Peckermark
|
0-0: Called Strike 0-1: Swinging Strike 0-2: Ball 1-2: Strikes out looking
|
Batting: LHB Per Meulengracht
|
0-0: Intentional Walk
|
Pitching: RHP Mike Moon
|
|
Batting: RHB Xavier Davis
|
0-0: Ball 1-0: Ball Per Meulengracht steals 2nd base 2-0: Foul Ball, location: 2F 2-1: Ball 3-1: Foul Ball, location: 2F 3-2: Strikes out swinging
|
Top of the 7th over - 0 runs, 0 hits, 1 error, 2 left on base; Atlanta 1 - San Francisco 0 |
BOTTOM OF THE 7TH |
San Francisco Giants batting - Pitching for Atlanta Braves : RHP Casey Jones
|
Batting: LHB Tom Best
|
0-0: Ball 1-0: Ball 2-0: Swinging Strike 2-1: Ball 3-1: Called Strike 3-2: Base on Balls
|
Batting: RHB Nate Hodson
|
0-0: Sac Bunt to 25 - play at first, batter OUT! 5-3 Tom Best to second
|
Batting: LHB John Blair
|
0-0: Ball 1-0: Ball 2-0: Called Strike 2-1: Foul Ball, location: 2F 2-2: Fly out, F9 (Flyball, 89S, EV 89.4 MPH)
|
Pinch Hitting: LHB Jack Henningar
|
0-0: Foul Ball, location: 2F 0-1: Ball 1-1: Foul Ball, location: 2F 1-2: Strikes out swinging
|
Bottom of the 7th over - 0 runs, 0 hits, 0 errors, 1 left on base; Atlanta 1 - San Francisco 0 |
TOP OF THE 8TH |
Atlanta Braves batting - Pitching for San Francisco Giants : RHP Mike Moon
|
Now at 1B: Jack Henningar
|
|
Batting: LHB Matt Sigurdson
|
0-0: Ball 1-0: SINGLE (Groundball, 56, EV 110.0 MPH)
|
Batting: RHB Luis Torres
|
0-0: Sac Bunt to 2L - play at first, batter OUT! 2-3 Matt Sigurdson to second
|
Batting: RHB Jeckel Hester
|
0-0: Swinging Strike 0-1: Foul Ball, location: 2F 0-2: Ball 1-2: Ball 2-2: Fly out, F8 (Line Drive, 8LM, EV 92.5 MPH)
|
Batting: RHB Jordan Martin
|
0-0: Ball 1-0: Called Strike 1-1: DOUBLE (Line Drive, 78D, EV 106.9 MPH) Matt Sigurdson scores
|
Batting: RHB Ike Trout
|
0-0: Ball 1-0: Foul Ball, location: 2F 1-1: Foul Ball, location: 2F 1-2: Ball 2-2: SINGLE (Groundball, 6MD, EV 105.6 MPH) Jordan Martin to third Runner from 3rd tries for Home, SAFE, throw by CF to home Ike Trout to second
|
Batting: LHB Colin Worthington
|
0-0: Ball 1-0: Ball 2-0: Ball 3-0: Called Strike 3-1: Swinging Strike 3-2: Foul Ball, location: 2F 3-2: Foul Ball, location: 2F 3-2: Base on Balls
|
Batting: RHB Marc Peckermark
|
0-0: Ball 1-0: Ball 2-0: Ball 3-0: Base on Balls Ike Trout to third Colin Worthington to second
|
Batting: LHB Per Meulengracht
|
0-0: Called Strike 0-1: Ball 1-1: SINGLE (Line Drive, 6MD, EV 98.1 MPH) Ike Trout scores Colin Worthington to third Marc Peckermark to second Runner from 3rd tries for Home, throw by CF and OUT! 8-2
|
Top of the 8th over - 3 runs, 4 hits, 0 errors, 2 left on base; Atlanta 4 - San Francisco 0 |
BOTTOM OF THE 8TH |
San Francisco Giants batting - Pitching for Atlanta Braves : RHP Casey Jones
|
Batting: SHB Bill Dooms
|
0-0: Ball 1-0: Called Strike 1-1: DOUBLE (Flyball, 78XD, EV 96.9 MPH)
|
Pitching: RHP Andy Kiefer
|
|
Batting: RHB Nick Rigden
|
0-0: Foul Ball, location: 2F 0-1: Swinging Strike 0-2: Ball 1-2: Ball 2-2: Foul Ball, location: 2F 2-2: Strikes out swinging
|
Batting: SHB Ryan Doss
|
0-0: Ball 1-0: Called Strike 1-1: Called Strike 1-2: Ball 2-2: Ball 3-2: Base on Balls
|
Batting: RHB Sean Zielinski
|
0-0: Called Strike 0-1: Ball 1-1: Ball 2-1: Foul Ball, location: 2F 2-2: Foul Ball, location: 2F 2-2: Strikes out swinging
|
Batting: LHB Carey Horncole
|
0-0: Ball 1-0: Ground out 6-3 (Groundball, 56, EV 96.9 MPH)
|
Bottom of the 8th over - 0 runs, 1 hit, 0 errors, 2 left on base; Atlanta 4 - San Francisco 0 |
TOP OF THE 9TH |
Atlanta Braves batting - Pitching for San Francisco Giants : RHP Mike Moon
|
Pitching: RHP Andrew Kindig
|
|
Batting: RHB Xavier Davis
|
0-0: Called Strike 0-1: Foul Ball, location: 2F 0-2: Ball 1-2: SINGLE (Line Drive, 6MD, EV 104.4 MPH)
|
Batting: LHB Matt Sigurdson
|
0-0: Called Strike 0-1: Ball Pickoff Play to 1st, Runner tries for 2nd, OUT after rundown. 1-1: Ball 2-1: Swinging Strike 2-2: Strikes out swinging
|
Batting: RHB Luis Torres
|
0-0: Called Strike 0-1: Ball 1-1: Foul Ball, location: 2F 1-2: SINGLE (Flyball, 6D, EV 87.5 MPH)
|
Batting: RHB Jeckel Hester
|
0-0: Called Strike Luis Torres is caught stealing 2nd base 2-4
|
Top of the 9th over - 0 runs, 2 hits, 0 errors, 0 left on base; Atlanta 4 - San Francisco 0 |
BOTTOM OF THE 9TH |
San Francisco Giants batting - Pitching for Atlanta Braves : RHP Andy Kiefer
|
Pitching: RHP Victor Munoz
|
|
Batting: LHB Tom Best
|
0-0: Swinging Strike 0-1: Ball 1-1: Foul Ball, location: 2F 1-2: Ball 2-2: SINGLE (Groundball, 34S, EV 65.0 MPH) (infield hit)
|
Batting: RHB Nate Hodson
|
0-0: Swinging Strike 0-1: Called Strike 0-2: SINGLE (Line Drive, 6D, EV 98.1 MPH) Tom Best to second
|
Batting: LHB John Blair
|
0-0: Ball 1-0: Ball 2-0: Ball 3-0: Called Strike 3-1: Base on Balls Tom Best to third Nate Hodson to second
|
Batting: LHB Jack Henningar
|
0-0: Called Strike 0-1: Ball 1-1: Ball 2-1: Called Strike 2-2: Foul Ball, location: 2F 2-2: Ground out 4-3 (Groundball, 4MS, EV 71.9 MPH) Tom Best scores Nate Hodson to third John Blair to second
|
Batting: SHB Bill Dooms
|
0-0: Ground out 5-3 (Groundball, 56, EV 105.0 MPH) Nate Hodson scores
|
Batting: RHB Nick Rigden
|
0-0: Ball 1-0: Ball 2-0: Fly out, F8 (Line Drive, 8RM, EV 102.5 MPH)
|
Bottom of the 9th over - 2 runs, 2 hits, 0 errors, 1 left on base; Atlanta 4 - San Francisco 2 |
|